 Dungeon Crawl Stone Soup version 0.25-a0-632-g7713895373 (webtiles) character file.

Game seed: 13613667866377672507, levelgen mode: deterministic

5475 Eurus the Destroyer (level 10, 0/68 HPs)
             Began as a Mummy Conjurer on Mar 19, 2020.
             Was a Believer of Ashenzari.
             Slain by a killer bee (6 damage)
             ... on level 8 of the Dungeon.
             The game lasted 00:28:52 (12571 turns).

Eurus the Destroyer (Mummy Conjurer)               Turns: 12571, Time: 00:28:53

Health: 0/68       AC:  4    Str: 11    XL:     10   Next: 42%
Magic:  11/22      EV: 11    Int: 18    God:    Ashenzari [**....]
Gold:   633        SH:  0    Dex: 13    Spells: 18/25 levels left

rFire    x . .     SeeInvis .   w - +4 falchion
rCold    + + +     Gourm    .   (no shield)
rNeg     + + +     Faith    .   g - +1 leather armour {rC+}
rPois    ∞         Spirit   .   (no helmet)
rElec    .         Reflect  .   d - scarf {cloud immunity}
rCorr    .         Harm     .   (no gloves)
MR       ++...                  (no boots)
Stlth    ++........             x - amulet of regeneration (curse)
HPRegen  0.61/turn              o - ring of protection from cold
MPRegen  0.18/turn              z - ring of protection from magic

@: no status effects
A: no food or potions, fire vulnerability, cold resistance 1, negative energy
resistance 3, torment resistance, unbreathing
a: Curse Item, Scrying, Renounce Religion


You were on level 8 of the Dungeon.
You worshipped Ashenzari.
Ashenzari was pleased with you.
You were not hungry.

You visited 2 branches of the dungeon, and saw 10 of its levels.
You also visited: Sewer.

You collected 633 gold pieces.

Inventory:

Hand Weapons
 j - a +2 vorpal war axe
 w - a +4 falchion (weapon)
Armour
 a - a +0 kite shield
 d - a scarf of cloud immunity (worn)
 g - a +1 leather armour of cold resistance (worn)
Magical Staves
 A - an uncursed staff of wizardry
Jewellery
 b - an uncursed ring of stealth
 n - an uncursed ring of fire
 o - a ring of protection from cold (left hand)
 p - an uncursed ring of flight
 x - a cursed amulet of regeneration (around neck)
 z - a ring of protection from magic (right hand)
Wands
 i - a wand of iceblast (5)
 q - a wand of flame (70)
 t - a wand of paralysis (16)
 y - a wand of acid (10)
Scrolls
 c - 7 scrolls of remove curse
 e - 11 scrolls of identify
 f - 2 scrolls of blinking
 h - 7 scrolls of teleportation
 k - a scroll of magic mapping
 l - a scroll of enchant weapon
 m - 2 scrolls of fog
 r - 2 scrolls of fear
 s - 2 scrolls of immolation {unknown}
 u - a scroll of random uselessness {unknown}
 v - a scroll of amnesia


   Skills:
 - Level 2.3 Fighting
 - Level 4.1 Armour
 - Level 1.5 Dodging
 - Level 1.5 Stealth
 + Level 4.8 Shields
 + Level 8.4 Spellcasting
 * Level 8.8 Conjurations
 + Level 4.8 Translocations


You had 18 spell levels left.
You knew the following spells:

 Your Spells              Type           Power        Failure   Level  Hunger
a - Magic Dart            Conj           ####         1%          1    N/A
b - Searing Ray           Conj           #####.       1%          2    N/A
c - Iskenderun's Mystic   Conj/Tloc      ####....     7%          4    N/A

Your spell library contained the following spells:

 Spells                   Type           Power        Failure   Level  Hunger
 Dazzling Flash           Conj/Hex       ###...       6%          3    N/A
 Freeze                   Ice            #...         12%         1    N/A
 Fulminant Prism          Conj/Hex       ###.......   19%         4    N/A
 Hailstorm                Conj/Ice       ###.....     19%         4    N/A
 Frozen Ramparts          Ice            #.....       34%         3    N/A
 Ozocubu's Armour         Chrm/Ice       #.......     34%         3    N/A
 Summon Ice Beast         Ice/Summ       #.......     75%         4    N/A

Dungeon Overview and Level Annotations

Branches:
Dungeon (9/15)             Temple (1/1) D:7           Sewer (visited)
   Lair: D:8-11         Orc: D:9-12

Altars:
Ashenzari
Cheibriados
Dithmenos
Elyvilon
Fedhas
Gozag
Hepliaklqana
Kikubaaqudgha
Makhleb
Okawaru
Qazlal
Ru
Sif Muna
Trog
Uskayaw
Vehumet
Wu Jian
Xom
Yredelemnul
Zin
The Shining One

Shops:
D:6 (

Annotations:
D:4 2 runed translucent doors, mora's ghost, novice MiFi


Innate Abilities, Weirdness & Mutations

You do not eat or drink.
Your flesh is vulnerable to fire.
You are immune to poison.
Your flesh is cold resistant. (rC+)
You are immune to negative energy. (rN+++)
You are immune to unholy pain and torment.
You can survive without breathing.


Message History

The killer bee stings you!
* * * LOW HITPOINT WARNING * * *
The killer bee barely misses you. The killer bee completely misses you.
The killer bee stings you.
* * * LOW HITPOINT WARNING * * *
The searing ray hits the killer bee!
You kill the killer bee!
The killer bee stings you but does no damage.
The killer bee stings you.
* * * LOW HITPOINT WARNING * * *
Casting: Searing Ray (safe; 1% risk of failure)
Confirm with . or Enter, or press ? or * to list all spells.
Aiming: Searing Ray (safe; 1% risk of failure)
Press: ? - help, Shift-Dir - straight line, f - killer bee
Aim: a killer bee The searing ray hits the killer bee.
The killer bee is moderately wounded. (Press . to maintain the ray.)
The killer bee barely misses you. The killer bee stings you.
You die...

### #.# ### ##.###.###
##...#....##
#........@.#########
##......y.....#.)..#
##.........#......###
###............#....#
##.......##.....##..##
####........##.....#....##
##.#.#.......#............#
####.......................###
#.#.........##.#...#........#


You could see a killer bee.

Vanquished Creatures
  A two-headed ogre (D:7)
  A troll (D:6)
  A wyvern (D:7)
  A hungry ghost (D:8)
  4 hogs (D:7)
  A human (D:7)
  3 sky beasts
  4 ogres
  A phantom (D:5)
  2 centaurs
  4 big kobolds
  A bullfrog (D:7)
  A wyvern zombie (D:8)
  3 scorpions
  A water moccasin skeleton (D:8)
  16 killer bees
  6 howler monkeys
  A crimson imp (D:5)
  3 hounds
  2 centaur zombies
  2 jellies
  A gnoll shaman (D:5)
  An orc priest (D:6)
  3 centaur skeletons
  4 orc wizards (D:6)
  4 iguanas
  10 worker ants
  2 hound zombies
  2 hound skeletons
  8 gnolls
  11 adders
  A shadow imp (D:5)
  3 oozes
  An adder skeleton (D:6)
  4 worms (D:2)
  3 dart slugs
  4 leopard geckos
  22 orcs
  3 giant cockroaches
  10 goblins
  8 hobgoblins
  18 jackals
  34 kobolds
  3 quokkas
  7 ball pythons
  14 bats
  8 frilled lizards
  2 quokka zombies
  11 rats
261 creatures vanquished.

Vanquished Creatures (others)
  A bush (D:2)
1 creature vanquished.

Grand Total: 262 creatures vanquished

Notes
Turn   | Place    | Note
-------+----------+-------------------------------------------
     0 | D:1      | Eurus the Mummy Conjurer began the quest for the Orb.
     0 | D:1      | Reached XP level 1. HP: 13/13 MP: 4/4
   198 | D:1      | Reached XP level 2. HP: 19/19 MP: 4/6
   202 | D:1      | Learned a level 2 spell: Searing Ray
   880 | D:1      | Reached XP level 3. HP: 24/24 MP: 5/7
  1326 | D:2      | Found an opulent altar of Gozag.
  1672 | D:2      | Reached XP level 4. HP: 29/31 MP: 6/9
  1722 | D:2      | Reached skill level 1 in Fighting
  2400 | D:2      | Found a hazy altar of Hepliaklqana.
  2400 | D:2      | Found a white marble altar of Elyvilon.
  2407 | D:2      | Found a faded altar of an unknown god.
  2409 | D:2      | Found a shimmering blue altar of Sif Muna.
  2411 | D:2      | Found a shadowy altar of Dithmenos.
  2876 | D:3      | Found a glowing drain.
  2901 | Sewer    | Entered a sewer
  3106 | Sewer    | Noticed a big kobold
  3132 | Sewer    | Killed a big kobold
  3132 | Sewer    | Reached XP level 5. HP: 26/38 MP: 2/11
  4032 | D:3      | Found a shattered altar of Ashenzari.
  4052 | D:3      | Found a snail-covered altar of Cheibriados.
  4107 | D:3      | Became a worshipper of Ashenzari the Shackled
  4218 | D:3      | Learned a level 4 spell: Iskenderun's Mystic Blast
  4617 | D:4      | Found a runed translucent door.
  4620 | D:4      | Noticed mora's ghost (novice MiFi)
  4650 | D:4      | Reached skill level 5 in Conjurations
  4682 | D:4      | Reached XP level 6. HP: 44/44 MP: 8/12
  4795 | D:4      | Found a runed translucent door.
  5296 | D:4      | Reached skill level 1 in Shields
  5296 | D:4      | Reached skill level 1 in Translocations
  5447 | D:5      | Entered Level 5 of the Dungeon
  5581 | D:5      | Reached XP level 7. HP: 40/51 MP: 12/14
  5601 | D:5      | Reached skill level 1 in Armour
  5602 | D:5      | Reached skill level 5 in Spellcasting
  5920 | D:5      | Found a hazy altar of Hepliaklqana.
  6636 | D:5      | Found a radiant altar of Vehumet.
  6735 | D:5      | Reached * piety under Ashenzari
  6922 | D:5      | Reached XP level 8. HP: 45/57 MP: 12/16
  7573 | D:6      | Found Pilaet's Antique Weapon Shop.
  7602 | D:6      | Found a bloodstained altar of Trog.
  8172 | D:6      | Noticed a troll
  8794 | D:6      | Killed a troll
  9018 | D:7      | Reached XP level 9. HP: 62/62 MP: 12/18
  9735 | D:7      | Found a staircase to the Ecumenical Temple.
  9739 | D:7      | Reached ** piety under Ashenzari
  9751 | Temple   | Entered the Ecumenical Temple
 11282 | D:8      | Noticed a two-headed ogre
 11390 | D:8      | Reached XP level 10. HP: 64/68 MP: 6/21
 11637 | D:7      | Killed a two-headed ogre
 12571 | D:8      | Slain by a killer bee

Levels and vault maps discovered:
D:1:      eino_arrival_cavern_d, layout_loops_cross
D:2:      layout_loops_ring, lemuel_crystal_altar,
          chequers_temple_overflow_minitemple, minmay_hedge_maze
D:3:      layout_loops_ring, lemuel_coloured_pillars_altar,
          kennysheep_slug_shrine, first_ration, cheibrodos_sewer_entry_drain,
          minmay_box_of_dots
D:4:      layout_loops_corners, ebering_ghost_sewer_f
D:5:      layout_basic, vehumet_altar_wand_db, basic_altar, amethyst_killhole
D:6:      minmay_chambers_of_sixes, layout_cave_pods, lemuel_round_altar,
          serial_shops, shop, minmay_misc_feat_roman
D:7:      layout_basic, minmay_temple_entry_poolview, grunt_livestock,
          hex_medium, eino_jars
D:8:      layout_cave_pools
D:9:      layout_rooms, nicolae_overflow_crystal_walls, jiyva_altar_1
Temple:   hc_temple_tempest_star

Skill      XL: |  1  2  3  4  5  6  7  8  9 10 |
---------------+-------------------------------+-----
Spellcasting   | 3 4 5 6 7 8 |  8.4
Conjurations   | 4 5 6 7 8 |  8.8
Fighting       | 2 |  2.3
Shields        | 1 2 3 4 |  4.8
Translocations | 1 2 3 4 |  4.8
Armour         | 1 3 4 |  4.1
Dodging        | |  1.5
Stealth        | |  1.5

Action                   |  1- 3 |  4- 6 |  7- 9 | 10-12 || total
-------------------------+-------+-------+-------+-------++-------
Melee: Club              |    45 |     3 |       |       ||    48
       Unarmed           |     3 |       |       |       ||     3
       Dagger            |       |    78 |       |       ||    78
       Spear             |       |       |    37 |       ||    37
       Falchion          |       |       |    23 |     4 ||    27
 Cast: Magic Dart        |    71 |    70 |    50 |    16 ||   207
       Searing Ray       |     2 |    35 |    75 |    31 ||   143
       Iskenderun's Myst |       |       |       |     2 ||     2
Invok: Curse Item        |       |       |     1 |       ||     1
  Use: Scroll            |       |     9 |     1 |       ||    10
Armor: Robe              |    15 |     4 |       |       ||    19
       Leather armour    |       |    58 |    49 |     9 ||   116
Dodge: Dodged            |    52 |   110 |   116 |    40 ||   318
       Rpst.: Falchion   |       |       |    23 |     5 ||    28

Table legend:
 A = Non-vault XP
 B = Vault XP
 C = Vault XP percentage of total XP
 D = Non-vault monster count
 E = Vault monster count
 F = Vault count percentage of total count
                 A         B        C        D         E       F
            +---------+---------+-------+---------+---------+-------
      Total |    5662 |    2160 |  27.6 |     211 |      50 |  19.2
            +---------+---------+-------+---------+---------+-------
        D:1 |      55 |       0 |   0.0 |      32 |       0 |   0.0
        D:2 |     100 |       0 |   0.0 |      30 |       0 |   0.0
        D:3 |      56 |      14 |  20.0 |      22 |       7 |  24.1
        D:4 |     286 |       0 |   0.0 |      12 |       0 |   0.0
        D:5 |     860 |       2 |   0.2 |      28 |       1 |   3.4
        D:6 |     594 |     622 |  51.2 |      25 |       6 |  19.4
        D:7 |    2189 |    1383 |  38.7 |      32 |      12 |  27.3
        D:8 |    1356 |       0 |   0.0 |      27 |       0 |   0.0
        D:9 |     166 |       0 |   0.0 |       3 |       0 |   0.0
      Sewer |       0 |     139 | 100.0 |       0 |      24 | 100.0
            +---------+---------+-------+---------+---------+-------
